cohdb
Replays
Latest Replays
All Replays
Popular Replays
Top Player Replays
Match Explorer
How It Works
Community
CoH3 Stats
Reddit
Sign in to upload your games and track your stats! →
Sign in with Steam
Match 45771706
Unlisted
Match 45771706
Overview
Messages
Build Orders
End
Pioneer Squad
Selects Terror Battlegroup
Selects Machine Gun Camouflage
Construct Infanterie Kompanie
Grenadier Squad
Grenadier Squad
MG 42 Machine Gun Team
MG 42 Machine Gun Team
Construct Panzergrenadier Kompanie
Medical Station
Infanterie Officer Quarters
251 Medium Carrier
Construct Panzer Kompanie
Stoßtruppen Squad
Panzer IV Medium Tank
Stoßtruppen Squad
Selects Defend the Fatherland
Panzer IV Medium Tank
CommieRed
Thank You Chef
TheKat
El Pollo Diablo
0
0
Comments
sign in to comment!
No comments posted yet!